 Dungeon Crawl Stone Soup version 0.20.0-15-g7f486f2 (webtiles) character file.

19 miragecloak the Changer (level 2, -1/18 HPs)
             Began as an Octopode Transmuter on June 9, 2017.
             Slain by a kobold
             ... wielding a +0 whip
              (4 damage)
             ... on level 1 of the Dungeon.
             The game lasted 00:00:27 (551 turns).

miragecloak the Changer (Octopode Transmuter)        Turns: 551, Time: 00:00:27

Health: -1/18      AC:  1    Str:  9    XL:     2   Next: 75%
Magic:  4/5        EV: 13    Int: 15    God:
Gold:   31         SH:  0    Dex: 12    Spells: 4/5 levels left

rFire    . . .     SeeInvis .     - Unarmed
rCold    . . .     Gourm    .   (no shield)
rNeg     . . .     Faith    .   (helmet restricted)
rPois    .         Spirit   .   (no amulet)
rElec    .         Reflect  .   (no ring)
rCorr    .         Harm     .   (no ring)
MR       .....                  (no ring)
Stlth    ++........             (no ring)
Regen    0.1/turn               (no ring)
MPRegen  0.1/turn               (no ring)
                                (no ring)
                                (no ring)

@: appendage
A: almost no armour, stealthy swim, amphibious, 8 rings, constrict 8, tentacle
spike 3, camouflage 1, gelatinous body 1
a: End Transformation


You were on level 1 of the Dungeon.
You were not hungry.
One of your tentacles had a temporary spike.
You visited 1 branch of the dungeon, and saw 1 of its levels.

You collected 31 gold pieces.

Inventory:

Missiles
 a - 12 arrows
Scrolls
 e - a scroll of identify {unknown}
Books
 b - a book of Changes

   Spells                             Type                      Level
   a - Beastly Appendage              Transmutation                1
   b - Sticks to Snakes               Transmutation                2
   c - Spider Form                    Transmutation/Poison         3
   d - Ice Form                       Ice/Transmutation            4
   e - Blade Hands                    Transmutation                5
Comestibles
 c - a bread ration
 d - 2 chunks of flesh
 f - a meat ration


   Skills:
 - Level 1.0 Fighting
 - Level 2.0 Dodging
 - Level 3.0 Unarmed Combat
 - Level 2.0 Spellcasting
 + Level 3.2 Transmutations


You had 4 spell levels left.
You knew the following spells:

 Your Spells              Type           Power        Failure   Level  Hunger
a - Beastly Appendage     Tmut           ##....       6%          1    #......


Dungeon Overview and Level Annotations

Branches:
Dungeon (1/15)

Altars:


Innate Abilities, Weirdness & Mutations

You cannot wear most types of armour.
You are very stealthy in the water. (Stealth+)
You are amphibious.
You can wear up to eight rings at the same time.
You can use your tentacles to constrict eight enemies at once.
Your skin changes colour to match your surroundings (Stealth+).
Your rubbery body absorbs attacks. (AC +1, EV +1)
One of your tentacles bears a large vicious spike.


Message History

Confirm with . or Enter, or press ? or * to list all spells.
One of your tentacles grows a vicious spike.
The kobold shouts!
You are too injured to fight recklessly!
You are too injured to fight recklessly!
You are too injured to fight recklessly!
You are too injured to fight recklessly!
You are too injured to fight recklessly!
You are too injured to fight recklessly!
The kobold hits you with a whip.
* * * LOW HITPOINT WARNING * * *
A rat comes into view.
You barely miss the kobold. You grab the kobold.
You pierce the kobold, but do no damage.
You constrict the kobold, but do no damage.
The kobold barely misses you.
You tentacle-slap the kobold but do no damage.
You constrict the kobold, but do no damage.
The kobold hits you with a whip.
You die...

.#..................
....
..........).........
..#
..................#
# #.......###..#####
# #.....).# ##.# #
#.......# #.# #.#
##...##.# #.## # #
#.# #... #.# #..#
#.#.#.# .... #@#
##.# .#.#)# .....
#K# #.## ..... ..#.
..( #.(# #.#.# ....
#...#####.#####.#.#
#...'..............
#...#####.#####.#.#
#...#####.#####.#.#
#.r.......)..)....#
...##.##...##.###


You could see a kobold and a rat.

Vanquished Creatures
  A dart slug (D:1)
  A leopard gecko (D:1)
  A bat (D:1)
  5 goblins (D:1)
  3 hobgoblins (D:1)
  A ball python (D:1)
  A frilled lizard (D:1)
  A rat (D:1)
14 creatures vanquished.

Notes
Turn   | Place    | Note
-------+----------+-------------------------------------------
     0 | D:1      | miragecloak the Octopode Transmuter began the quest for the Orb.
     0 | D:1      | Reached XP level 1. HP: 13/13 MP: 3/3
   400 | D:1      | Reached XP level 2. HP: 15/18 MP: 3/5
   551 | D:1      | Slain by a kobold

Skill      XL: |  1  2 |
---------------+-------+-----
Transmutations | 3 |  3.2
Fighting       | |  1.0
Dodging        | |  2.0
Unarmed Combat | |  3.0
Spellcasting   | |  2.0

Action                   || total
-------------------------++-------
Melee: Unarmed           ||    35
       Constrict         ||    10
       Kick              ||     5
       Tentacles         ||     4
       Punch             ||     1
 Cast: Beastly Appendage ||     9
 Stab: Sleeping          ||     3
Armor: Skin              ||     2
Dodge: Dodged            ||     9
